 Dungeon Crawl Stone Soup version 0.22-a0-117-g314b907 (webtiles) character file.

2134 sankara the Covert (level 9, -2/68 HPs)
             Began as a Vampire Assassin on Jan 29, 2018.
             Slain by a hippogriff (10 damage)
             ... on level 7 of the Dungeon.
             The game lasted 00:31:26 (9944 turns).

sankara the Covert (Vampire Assassin)               Turns: 9944, Time: 00:31:27

Health: -2/68      AC:  7    Str: 10    XL:     9   Next: 9%
Magic:  9/9        EV: 14    Int: 13    God:
Gold:   411        SH:  8    Dex: 19    Spells: 8/8 levels left

rFire    . . .     SeeInvis +   a - +2 dagger (venom)
rCold    . . .     Gourm    .   B - +0 shield
rNeg     + . .     Faith    .   o - +0 robe
rPois    .         Spirit   .   j - +1 helmet
rElec    .         Reflect  .   g - +0 cloak
rCorr    .         Harm     .   (no gloves)
MR       .....                  t - +0 pair of boots
Stlth    ++++......             (no amulet)
HPRegen  0.21/turn              (no ring)
MPRegen  0.11/turn              y - +1 ring of protection

@: very slightly contaminated
A: fangs 3, see invisible, unbreathing
a: Bat Form


You were on level 7 of the Dungeon.
You were not thirsty.

You visited 2 branches of the dungeon, and saw 8 of its levels.

You collected 411 gold pieces.

Inventory:

Hand Weapons
 a - a +2 dagger of venom (weapon)
 b - a +4 hunting sling
 c - a +0 blowgun
 w - a +0 falchion
Missiles
 e - 7 poisoned needles
 f - a curare-tipped needle
 q - 13 sling bullets
 v - 253 stones (quivered)
 x - 3 tomahawks
Armour
 g - a +0 cloak (worn)
 j - a +1 helmet (worn)
 o - a +0 robe (worn)
 t - a +0 pair of boots (worn)
 B - a +0 shield (worn)
Jewellery
 y - a +1 ring of protection (right hand)
Wands
 h - a wand of acid (8)
 s - a wand of clouds (3)
 A - a wand of iceblast (9)
Scrolls
 l - 2 scrolls of teleportation
 n - 3 scrolls of identify
 r - a scroll of enchant armour {unknown}
 u - 2 scrolls of fog
 C - a scroll of enchant weapon
 D - a scroll of fear
Potions
 d - 4 potions of blood
 i - 2 potions of heal wounds
 k - 5 potions of curing
 m - a potion of haste
 p - 2 potions of agility


   Skills:
 + Level 5.2 Fighting
 - Level 2.1(3.3) Short Blades
 * Level 3.5(3.8) Long Blades
 + Level 5.7 Throwing
 - Level 5.6 Dodging
 - Level 9.1 Stealth
 * Level 2.4 Shields


You had 8 spell levels left.
You didn't know any spells.

Dungeon Overview and Level Annotations

Branches:
Dungeon (7/15)             Temple (1/1) D:4

Altars:
Ashenzari
Cheibriados
Dithmenos
Elyvilon
Fedhas
Gozag
Hepliaklqana
Kikubaaqudgha
Makhleb
Nemelex Xobeh
Okawaru
Qazlal
Ru
Sif Muna
Uskayaw
Vehumet
Wu Jian
Xom
Yredelemnul
Zin
The Shining One

Annotations:
D:3 Demitroll's ghost, amateur BaSk


Innate Abilities, Weirdness & Mutations

You have razor-sharp teeth.
You have supernaturally acute eyesight. (SInv)
You can survive without breathing.


Message History

* * * LOW HITPOINT WARNING * * *
You barely miss the hippogriff.
The hippogriff is lightly wounded.
You block the hippogriff's attack. x2
The hippogriff claws you but does no damage.
You hit the hippogriff.
The hippogriff is poisoned.
The hippogriff is lightly wounded.
The hippogriff bites you.
* * * LOW HITPOINT WARNING * * *
The hippogriff pecks you.
* * * LOW HITPOINT WARNING * * *
The hippogriff misses you.
You hit the hippogriff.
The hippogriff looks even sicker.
The hippogriff is lightly wounded.
You block the hippogriff's attack. The hippogriff barely misses you. x2
You hit the hippogriff.
The hippogriff looks as sick as possible!
The hippogriff is heavily wounded.
The hippogriff bites you!
You die... .....#.##.....# #############.###### PPPPP#P# #......# PP#PPPP##

P##.####.#
P.PP.PP.PPPP#.####.##
#PPP.#..PP..#.##....#
.......##PPP#..#.#..#
.≈≈≈≈≈..#PPP#..#H#..#
≈≈≈≈≈≈≈..PPP#..#@#..#
≈≈≈≈≈≈†≈..P##..#.#..#
≈≈≈≈≈≈≈≈≈.P##.)..####
≈≈...≈≈≈≈.###......#
..._.≈≈≈≈.....#..#.#
≈≈...≈≈≈≈.#####..#.#
≈≈≈≈≈≈≈≈≈.#P###..#)#
≈≈≈≈≈≈≈≈..PP#.##>#.#
≈≈≈≈≈≈≈..P.P#.####.#


You could see a hippogriff.

Vanquished Creatures
  The ghost of galech the Ruffian, an amateur TrMo (D:5)
  An orc warrior (D:7)
  An ice beast (D:7)
  3 ogres
  A phantom (D:5)
  A sky beast (D:6)
  2 centaurs
  Blork the orc (D:6)
  A wyvern zombie (D:7)
  3 scorpions
  A howler monkey (D:4)
  A crimson imp (D:5)
  A jelly (D:5)
  A hound (D:4)
  5 orc priests
  An iguana (D:5)
  4 orc wizards
  Jessica (D:2)
  5 worker ants
  A worker ant zombie (D:7)
  8 gnolls
  5 adders
  4 shadow imps (D:5)
  2 oozes
  3 worms
  2 dart slugs
  5 leopard geckos
  7 orcs
  13 bats
  12 giant cockroaches
  7 goblins
  9 hobgoblins
  12 jackals
  4 kobolds
  2 quokkas
  A ball python (D:1)
  A frilled lizard (D:4)
  A jackal skeleton (D:6)
  2 quokka skeletons (D:4)
  7 rats
143 creatures vanquished.

Vanquished Creatures (others)
  A fungus (D:7)
  A plant (D:7)
2 creatures vanquished.

Grand Total: 145 creatures vanquished

Notes
Turn   | Place    | Note
-------+----------+-------------------------------------------
     0 | D:1      | sankara the Vampire Assassin began the quest for the Orb.
     0 | D:1      | Reached XP level 1. HP: 16/16 MP: 1/1
   131 | D:1      | Reached skill level 6 in Stealth
   269 | D:1      | Reached XP level 2. HP: 22/22 MP: 2/2
   556 | D:1      | Reached XP level 3. HP: 26/27 MP: 3/3
   866 | D:2      | Noticed Jessica
   870 | D:2      | Killed Jessica
   870 | D:2      | Reached skill level 7 in Stealth
   902 | D:2      | Reached XP level 4. HP: 33/33 MP: 4/4
  1749 | D:2      | Reached skill level 8 in Stealth
  1749 | D:2      | Reached XP level 5. HP: 38/38 MP: 5/5
  2650 | D:3      | Found a shattered altar of Ashenzari.
  2957 | D:3      | Noticed Demitroll's ghost (amateur BaSk)
  2992 | D:3      | HP: 1/38 [Demitroll's ghost (7)]
  3687 | D:3      | Found a snail-covered altar of Cheibriados.
  4125 | D:4      | Found a hazy altar of Hepliaklqana.
  4287 | D:4      | Found an ornate altar of the Wu Jian Council.
  4325 | D:4      | Found a glowing golden altar of the Shining One.
  4351 | D:4      | Found a staircase to the Ecumenical Temple.
  4356 | Temple   | Entered the Ecumenical Temple
  4805 | D:4      | Found a deep blue altar of Sif Muna.
  4881 | D:4      | Reached XP level 6. HP: 42/44 MP: 6/6
  5180 | D:5      | Entered Level 5 of the Dungeon
  5331 | D:5      | Reached skill level 9 in Stealth
  5428 | D:5      | Reached XP level 7. HP: 52/52 MP: 7/7
  5694 | D:5      | Found a transporter.
  5713 | D:5      | Found a radiant altar of Vehumet.
  6310 | D:5      | Noticed galech's ghost (amateur TrMo)
  6322 | D:5      | Found a transporter.
  6333 | D:5      | Killed galech's ghost
  6333 | D:5      | Reached XP level 8. HP: 25/60 MP: 8/8
  6694 | D:5      | Reached skill level 5 in Throwing
  7095 | D:5      | Reached skill level 5 in Dodging
  7592 | D:6      | Found a shadowy altar of Dithmenos.
  7895 | D:6      | Found an iron altar of Okawaru.
  7896 | D:6      | Found a hide-covered altar of Uskayaw.
  7932 | D:6      | Reached skill level 1 in Long Blades
  8816 | D:6      | Noticed Blork the orc
  8831 | D:6      | Killed Blork the orc
  9266 | D:7      | Reached skill level 5 in Fighting
  9547 | D:7      | Reached skill level 1 in Shields
  9767 | D:7      | Found a blossoming altar of Fedhas.
  9860 | D:7      | HP: 1/62 [orc warrior/dire flail of crushing (3)]
  9867 | D:7      | Reached XP level 9. HP: 2/68 MP: 9/9
  9944 | D:7      | Slain by a hippogriff

Vault maps used:
D:1:      doesnt_arrival_eight_statues
D:2:      minmay_roachtagon, uniq_jessica
D:3:      old_standard_altar, nicolae_ashenzari_panopticon, due_unseen_surprise
D:4:      lemuel_coloured_pillars_altar, nicolae_overflow_hidden_temple,
          tso_metal_star, nicolae_overflow_crystal_walls,
          minmay_temple_entry_butterflies, first_ration
D:5:      gammafunk_wand_slinger, lemuel_round_altar, minmay_fountain_box,
          kennysheep_nondescript
D:6:      kennysheep_mini, minitemple, uniq_blork_the_orc
D:7:      tgw_fedhas, serial_shops, nicolae_shop_window_shopping
Temple:   jpeg_temple_alley_garden

Skill      XL: |  1  2  3  4  5  6  7  8 |
---------------+-------------------------+-----
Stealth        | 6 7 8 9 |  9.1
Throwing       | 2 3 4 5 |  5.7
Fighting       | 2 3 4 5 |  5.2
Dodging        | 2 3 4 5 |  5.6
Long Blades    | 3 |  3.5
Shields        | 2 |  2.4
Short Blades   | |  2.1

Action                   |  1- 3 |  4- 6 |  7- 9 || total
-------------------------+-------+-------+-------++-------
Melee: Dagger            |    23 |    44 |   126 ||   193
       Bite              |     1 |     5 |    16 ||    22
 Fire: Hunting sling     |    43 |   159 |    96 ||   298
       Blowgun           |       |    21 |       ||    21
Throw: Stone             |       |     2 |       ||     2
 Abil: End Transformatio |       |     3 |       ||     3
       Bat Form          |       |     3 |       ||     3
Evoke: Wand              |       |       |     8 ||     8
  Use: Potion            |       |    14 |    13 ||    27
       Scroll            |       |     9 |     1 ||    10
 Stab: Sleeping          |     1 |     8 |     3 ||    12
       Distracted        |       |       |     1 ||     1
       Invisible         |       |       |     3 ||     3
Armor: Robe              |     3 |    21 |    26 ||    50
Dodge: Dodged            |    12 |    56 |    93 ||   161
Block: Shield            |       |       |    18 ||    18

Table legend:
 A = Spawn XP
 B = Non-spawn XP
 C = Spawn XP percentage of total XP
 D = Spawn monster count
 E = Non-spawn monster count
 F = Spawn count percentage of total count
 G = Total turns spent on level
                    A         B        C        D         E        F      G
               +---------+---------+-------+---------+---------+-------+---------
         Total |       0 |    3049 |   0.0 |       0 |     143 |   0.0 |  9944
               +---------+---------+-------+---------+---------+-------+---------
           D:1 |       0 |      53 |   0.0 |       0 |      24 |   0.0 |  1120
           D:2 |       0 |     168 |   0.0 |       0 |      37 |   0.0 |  1560
           D:3 |       0 |      73 |   0.0 |       0 |      22 |   0.0 |  1530
           D:4 |       0 |     152 |   0.0 |       0 |      10 |   0.0 |   786
           D:5 |       0 |    1272 |   0.0 |       0 |      19 |   0.0 |  1973
           D:6 |       0 |     496 |   0.0 |       0 |      13 |   0.0 |  1785
           D:7 |       0 |     835 |   0.0 |       0 |      18 |   0.0 |  1006
               +---------+---------+-------+---------+---------+-------+---------
